 Dungeon Crawl Stone Soup version 0.27-a0-1193-g8631133539 (webtiles) character file.

Game seed: 5289788761143409467

37 EnegeticOcto the Magician (level 3, 0/25 HPs)
             Began as a Djinni Earth Elementalist on May 25, 2021.
             Slain by a ball python (1 damage)
             ... on level 3 of the Dungeon.
             The game lasted 00:02:00 (304 turns).

EnegeticOcto the Magician (DjEE)                     Turns: 304, Time: 00:02:00

Health: 0/25       AC:  3    Str:  7    XL:     3   Next: 62%
Gold:   40         EV:  9    Int: 17    God:
                   SH:  0    Dex: 13

rFire    + + .     SeeInvis .   (no weapon)
rCold    x . .     Faith    .   (no shield)
rNeg     . . .     Spirit   .   c - +0 robe
rPois    ∞         Reflect  .   (no helmet)
rElec    .         Harm     .   (no cloak)
rCorr    .         Rampage  .   a - +0 pair of gloves
Will     .....                  (boots unavailable)
Stlth    ++........             (no amulet)
HPRegen  0.08/turn              (no ring)
MPRegen  0.00/turn              (no ring)

@: mighty, flying, constricted
A: sickness immunity, fire resistance 2, cold vulnerability 1, float, innate
caster, hp casting, extra vitality 1
a: no special abilities


You were on level 3 of the Dungeon.
You visited 1 branch of the dungeon, and saw 3 of its levels.

You collected 40 gold pieces.

Inventory:

Missiles
 b - 23 stones (quivered)
 e - 4 boomerangs
Armour
 a - a +0 pair of gloves (worn)
   (You found it on level 1 of the Dungeon)
 c - a +0 robe (worn)
Scrolls
 d - a scroll of enchant armour {unknown}
 g - a scroll of identify {@r1}
Potions
 f - a potion of lignification {@q6}


   Skills:
 - Level 2.1 Dodging
 - Level 1.5 Stealth
 + Level 3.4 Spellcasting


You couldn't memorise any spells.
You knew the following spells:

 Your Spells              Type           Power      Damage    Failure   Level
a - Sandblast             Erth           28%        2d8       4%          1
b - Stone Arrow           Conj/Erth      28%        3d8       12%         3
c - Petrify               Tmut/Erth      14%        N/A       38%         4
d - Lee's Rapid Deconstr  Erth           7%         3d7*      75%         5
e - Beastly Appendage     Tmut           28%        N/A       4%          1
p - Passwall              Tmut/Erth      11%        N/A       6%          2
Your spell library was empty.

Dungeon Overview and Level Annotations

Branches:
Dungeon (3/15)

Altars:


Innate Abilities, Weirdness & Mutations

You are immune to sickness and miasma.
You are immune to poison.
Your flesh is very heat resistant. (rF++)
You are vulnerable to cold. (rC-)
You float through the air rather than walking.
You learn spells naturally, not from books.
Your magical power is your life essence.
You have superior vitality. (+4 HP)


Message History

Aim: a kobold, wielding a +0 whip (74% to hit)
The blast of sand hits the kobold.
The kobold is moderately wounded.
b - 28 stones
* * * LOW HITPOINT WARNING * * *
Casting: Sandblast (safe; 4% risk of failure)
Confirm with . or Enter, or press ? or * to list all spells.
Aiming: Sandblast (safe; 4% risk of failure)
Press: ? - help, Shift-Dir - straight line, f/p - kobold
Aim: a kobold, wielding a +0 whip (moderately wounded, 74% to hit)
The blast of sand hits the kobold!
You kill the kobold!
b - 27 stones
* * * LOW HITPOINT WARNING * * *
Things that are here:
a +0 whip; a kobold corpse
Found a stone staircase leading up.
The shop is a mimic!
The shop mimic giggles and vanishes in a puff of smoke!
There is a fountain of clear blue water here.
Found a stone staircase leading down.
(D) Dungeon
Where to? (? - help)
There is a stone staircase leading down here.
You fly downwards.
A frilled lizard and a goblin come into view.
The goblin shouts!
There is a stone staircase leading up here.
Casting: Sandblast (safe; 4% risk of failure)
Confirm with . or Enter, or press ? or * to list all spells.
Aiming: Sandblast (safe; 4% risk of failure)
Press: ? - help, Shift-Dir - straight line, f - goblin
Aim: a goblin, wielding a +0 club (74% to hit)
The blast of sand misses the goblin.
b - 26 stones
* * * LOW HITPOINT WARNING * * *
Casting: Sandblast (safe; 4% risk of failure)
Confirm with . or Enter, or press ? or * to list all spells.
Aiming: Sandblast (safe; 4% risk of failure)
Press: ? - help, Shift-Dir - straight line, f/p - goblin
Aim: a goblin, wielding a +0 club (74% to hit)
The blast of sand hits the goblin!
You kill the goblin!
b - 25 stones
* * * LOW HITPOINT WARNING * * *
Casting: Sandblast (safe; 4% risk of failure)
Confirm with . or Enter, or press ? or * to list all spells.
Aiming: Sandblast (safe; 4% risk of failure)
Press: ? - help, Shift-Dir - straight line, f - frilled lizard
Aim: a frilled lizard (66% to hit)
The blast of sand hits the frilled lizard.
You kill the frilled lizard!
b - 24 stones
* * * LOW HITPOINT WARNING * * *
Things that are here:
a +0 club; a frilled lizard corpse
Okay, then.
Blink to where?
Press: ? - help, Dir - move target
As you read the scroll labelled BIRPHI IRRIVI, it crumbles to dust.
It was a scroll of blinking.
A ball python comes into view.
Found a metal-bound book.
Found a scroll labelled CUSAJENOTA.
Found a glowing cyan potion.
Found a stone staircase leading down.
d - a scroll labelled CUSAJENOTA A giant cockroach comes into view.
The giant cockroach moves out of view.
g - a glowing cyan potion It was a potion of might.
You feel very mighty all of a sudden.
Casting: Sandblast (safe; 4% risk of failure)
Confirm with . or Enter, or press ? or * to list all spells.
Aiming: Sandblast (safe; 4% risk of failure)
Press: ? - help, Shift-Dir - straight line, f - giant cockroach
Aim: a giant cockroach (wandering, hasn't noticed you, 79% to hit)
The blast of sand hits the giant cockroach.
The giant cockroach is heavily wounded.
b - 23 stones
* * * LOW HITPOINT WARNING * * *
You punch the giant cockroach!
You kill the giant cockroach!
Found a scroll of identify.
A ball python comes into view.
Found a stone staircase leading up.
You see here a scroll of identify {@r1}.
g - a scroll of identify {@r1} You hit the ball python.
The ball python is heavily wounded.
The ball python barely misses you. The ball python closely misses you.
You barely miss the ball python.
The ball python is heavily wounded.
The ball python barely misses you. The ball python grabs you.
The ball python constricts you.
You barely miss the ball python.
The ball python is heavily wounded.
The ball python bites you.
* * * LOW HITPOINT WARNING * * *
You die...

.............#..#
...##...........#
#####.######.....
######...# #....
#.......## #..#
#.......#### ###
#..........###
#.......##...###
############@S.#
###...# #<..# ###


You could see a ball python.

Vanquished Creatures
  An adder (D:2)
  A bat (D:1)
  2 endoplasms
  2 giant cockroaches
  3 goblins
  A hobgoblin (D:2)
  5 kobolds
  2 quokkas (D:1)
  4 ball pythons
  3 frilled lizards
  2 rats (D:1)
26 creatures vanquished.

Notes
Turn   | Place    | Note
-------+----------+-------------------------------------------
     0 | D:1      | EnegeticOcto the Djinni Earth Elementalist began the quest
                  | for the Orb.
     0 | D:1      | Reached XP level 1. HP: 15/15 MP: 0/0
    41 | D:1      | Reached XP level 2. HP: 11/21 MP: 0/0
   118 | D:1      | Reached skill level 3 in Spellcasting
   164 | D:2      | Reached XP level 3. HP: 6/25 MP: 0/0
   164 | D:2      | Learned a level 1 spell: Beastly Appendage
   235 | D:2      | Found Nuwn's Distillery.
   304 | D:3      | HP: 1/25 [ball python (3)]
   304 | D:3      | Slain by a ball python

Illustrated notes

Levels and vault maps discovered:
D:1:      roderic_octagonal_star, layout_rooms,
          hellmonk_ecumenical_altar_pennies_from_heaven, minmay_tiny_reverse_x
D:2:      layout_rooms, serial_shops, shop_fountains,
          chequers_serial_rivers_micro_b, kennysheep_small_spiral,
          minmay_tetromino_l4
D:3:      layout_rooms, uniq_natasha, uniq_robin, uniq_crazy_yiuf_cottage

Skill      XL: |  1  2 |
---------------+-------+-----
Spellcasting   | 3 |  3.4
Dodging        | |  2.1
Stealth        | |  1.5

Action                   || total
-------------------------++-------
Melee: Unarmed           ||     4
 Cast: Sandblast         ||    36
  Use: Scroll            ||     2
       Potion            ||     1
Armor: Robe              ||     2
Dodge: Dodged            ||     3

Table legend: (Time is in decaauts)
 A = Elapsed time spent in this place.
 B = Non-inter-level travel time spent in this place.
 C = Inter-level travel time spent in this place.
 D = Time resting spent in this place.
 E = Time spent auto-exploring this place.
 F = Levels seen in this place.
 G = Mean time per level.
                   A        B        C        D        E       F      G
               +--------+--------+--------+--------+--------+-----+--------+
         Total |    303 |    301 |      2 |      0 |      0 |   3 |  101.0 |
       Dungeon |    303 |    301 |      2 |      0 |      0 |   3 |  101.0 |
               +--------+--------+--------+--------+--------+-----+--------+

Top non-repeatable levels by time:
     D:1: 144 daAuts
     D:2: 109 daAuts
     D:3: 49 daAuts
